 Dungeon Crawl Stone Soup version 0.30-a0-476-g330ca2eb8e (webtiles) character file.

Game seed: 13443659588257011172

1892 DeathPants the Digger (level 8, 0/63 HPs)
             Began as a Yellow Draconian Earth Elementalist on Dec 21, 2022.
             Slain by Menkaure (14 damage)
             ... on level 6 of the Dungeon.
             The game lasted 00:17:03 (6303 turns).

DeathPants the Digger (DrEE)                        Turns: 6303, Time: 00:17:03

Health: 0/63       AC: 10    Str: 11    XL:     8   Next: 93%
Magic:  14/15      EV: 13    Int: 16    God:
Gold:   319        SH:  0    Dex: 13    Spells: 13/17 levels left

rFire   . . .      SeeInvis .    b - +7 whip of the Enemy {spect, *Noise +Blink rN++}
rCold   . . .      Faith    .    (no shield)
rNeg    + + .      Spirit   .    (body armour unavailable)
rPois   .          Reflect  .    (helmet restricted)
rElec   .          Harm     .    D - +1 cloak
rCorr   +          Rampage  .    (no gloves)
Will    +....                    k - +1 pair of boots
Stlth   ++........               j - amulet of the acrobat
HPRegen 0.30/turn                y - ring of willpower
MPRegen 0.14/turn                (no ring)

@: no status effects
A: spit acid, AC +6, unfitting armour, cold-blooded, acid resistance
a: Breathe Acid, Evoke Blink


You were on level 6 of the Dungeon.
You visited 2 branches of the dungeon, and saw 8 of its levels.
You also visited: Sewer.

You collected 319 gold pieces.

Inventory:

Hand Weapons
 a - a +3 dagger of venom
 b - the +7 whip of the Enemy (weapon) {spect, *Noise +Blink rN++}
   (You found it on level 2 of the Dungeon)

   When its wielder attacks, the weapon's spirit leaps out and strikes again.
   The spirit shares a part of any damage it takes with its wielder.
   rN:        It greatly protects you from negative energy.
   +Blink:    It lets you blink.
   *Noise:    It may make noises in combat.
 p - a +0 dagger
 q - a +2 flail of draining
Missiles
 l - 6 boomerangs
 m - a throwing net
 v - 10 poisoned darts
Armour
 k - a +1 pair of boots (worn)
 u - a scarf of shadows
 D - a +1 cloak (worn)
Jewellery
 j - an amulet of the acrobat (around neck)
 y - a ring of willpower (left hand)
Wands
 t - a wand of paralysis (8)
 w - a wand of roots (10)
 B - a wand of mindburst (6)
Scrolls
 c - 4 scrolls of fog
 h - 6 scrolls of silence
 i - 2 scrolls of teleportation
 n - 2 scrolls of amnesia
Potions
 d - 2 potions of flight
 e - a potion of magic
 f - a potion of might
 g - 3 potions of heal wounds
 o - a potion of brilliance
 r - a potion of invisibility {unknown}
 s - a potion of haste {unknown}
 z - a potion of mutation {unknown}
 A - a potion of cancellation {unknown}


   Skills:
 + Level 3.5 Fighting
 + Level 3.5 Dodging
 + Level 3.8 Stealth
 - Level 5.2 Spellcasting
 + Level 5.0 Conjurations
 - Level 3.6 Transmutations
 - Level 6.0 Earth Magic


You had 13 spell levels left.
You knew the following spells:

 Your Spells              Type           Power      Damage    Failure   Level
a - Sandblast             Erth           46%        2d11      1%          1
b - Stone Arrow           Conj/Erth      42%        3d9       4%          3

Your spell library contained the following spells:

 Spells                   Type           Power      Damage    Failure   Level
 Magic Dart               Conj           80%        1d7       1%          1
 Passwall                 Tmut/Erth      15%        N/A       3%          2
 Slow                     Hex            16%        N/A       16%         1
 Dazzling Flash           Conj/Hex       24%        N/A       16%         3
 Petrify                  Tmut/Erth      19%        N/A       21%         4
 Call Imp                 Summ           4%         N/A       22%         2
 Mephitic Cloud           Conj/Pois/Air  9%         N/A       22%         3
 Confusing Touch          Hex            4%         N/A       41%         3
 Frozen Ramparts          Ice            8%         1d2       41%         3
 Vampiric Draining        Necr           4%         2d6       41%         3
 Ice Form                 Ice/Tmut       10%        N/A       56%         4
 Summon Ice Beast         Ice/Summ       4%         N/A       83%         4
 Agony                    Necr           4%         N/A       99%         5
 Silence                  Hex/Air        2%         N/A       99%         5


Dungeon Overview and Level Annotations

Branches:
Dungeon (7/15)             Temple (1/1) D:4           Sewer (visited)

Altars:
Cheibriados
Dithmenos
Hepliaklqana
Kikubaaqudgha
Makhleb
Nemelex Xobeh
Okawaru
Qazlal
Ru
Sif Muna
Trog
Uskayaw
Vehumet
Wu Jian
Yredelemnul
Zin
The Shining One

Shops:
D:3 (

Annotations:
D:5 2 transporters
D:6 Menkaure


Innate Abilities, Weirdness & Mutations

You can spit globs of acid.
Your golden yellow scales are hard. (AC +6)
You cannot fit into any form of body armour.
You are cold-blooded and may be slowed by cold attacks.
You are resistant to acid. (rCorr)


Message History

The grasping roots grab you!
The orc wizard is unaffected.
The centaur is unaffected.
The grasping roots constrict you.
Things that are here:
a +0 shortbow; 15 gold pieces; a centaur corpse You closely miss the orc wizard.
The centaur hits you but does no damage.
The centaur kicks you but does no damage.
The orc closely misses you.
The orc wizard hits you but does no damage.
The grasping roots constrict you. The centaur barely misses you. x2
You closely miss the orc wizard.
The orc wizard hits you but does no damage.
The grasping roots constrict you. The orc hits you with a +0 short sword.
The centaur closely misses you.
The centaur kicks you but does no damage.
The grasping roots release their grip on you.
You hit the orc wizard.
The orc wizard is moderately wounded.
The centaur closely misses you. x2
The orc wizard hits you but does no damage.
The orc hits you but does no damage. Menkaure hits you.
The centaur misses you. x2
The orc hits you but does no damage.
The orc wizard zaps a wand.
The roots erupt in riotous growth!
The grasping roots grab you!
Menkaure is unaffected.
The orc is unaffected.
The orc wizard is unaffected.
The centaur is unaffected.
The grasping roots constrict you.
* * * LOW HITPOINT WARNING * * *
Aiming: Sandblast (safe; 1% risk of failure)
Press: ? - help, Q - select action, (/) - cycle Shift-Dir - straight line, f - orc wizard
Aim: an orc wizard, wielding a +0 dagger, wearing a +0 robe and carrying a wand of roots (3) (moderately wounded, 79% to hit)
The blast of sand hits the orc wizard!
You kill the orc wizard!
The centaur barely misses you.
The centaur kicks you but does no damage.
Menkaure gestures wildly while chanting.
Menkaure seems to speed up.
The centaur completely misses you.
The centaur kicks you but does no damage.
The orc misses you. Menkaure hits you!
You die...

.#.# .##.##. .. ..#...#.
.....#. . #.. #.#.#.##
##... .. #.##...#..#
####.... #. ....#.#.##
##.......
##.###.##...####..#.....
..........#.#.##.##.....
#.###.###c##..†...##.....
.....Woo@)...#....#######
###.###M###.##.>.## . ###
#......# #.....<#
#......# #......#
#......# #......#
#......#


You could see a phantom, Menkaure (fast), a centaur and 2 orcs.

Vanquished Creatures
  Grinder (D:4)
  Eustachio (D:4)
  Edmund (D:4)
  A black bear (D:5)
  An ogre (D:5)
  2 centaurs
  A bullfrog (D:6)
  A necrophage (D:5)
  3 scorpions
  A howler monkey (D:5)
  2 jellies
  2 orc priests
  5 hounds
  An iron imp (D:5)
  5 iguanas
  6 orc wizards
  A hell rat (Sewer)
  7 adders
  3 gnolls (D:4)
  A river rat (Sewer)
  2 ufetubi
  3 worms (D:4)
  2 dart slugs
  11 orcs
  5 bats
  10 endoplasms
  5 giant cockroaches
  6 goblins
  3 hobgoblins
  2 jackals (D:1)
  6 quokkas
  8 ball pythons
  5 frilled lizards
  7 kobolds (D:1)
  13 rats
134 creatures vanquished.

Notes
Turn   | Place    | Note
-------+----------+-------------------------------------------
     0 | D:1      | DeathPants the Draconian Earth Elementalist began the quest
                  | for the Orb.
     0 | D:1      | Reached XP level 1. HP: 14/14 MP: 3/3
   214 | D:1      | Reached XP level 2. HP: 20/20 MP: 3/5
   444 | D:1      | Reached XP level 3. HP: 13/26 MP: 4/6
   557 | D:1      | Found a faded altar of an unknown god.
  1106 | D:2      | Learned a level 3 spell: Stone Arrow
  1228 | D:2      | Reached XP level 4. HP: 33/33 MP: 5/8
  1351 | D:2      | Identified the +7 whip of the Enemy {spect, *Noise +Blink
                  | rN++}
  2417 | D:4      | Noticed a scorpion
  2422 | D:4      | Killed a scorpion
  2423 | D:4      | Reached skill level 4 in Earth Magic
  2423 | D:4      | Reached XP level 5. HP: 38/38 MP: 7/9
  2463 | D:4      | Found a glowing drain.
  2491 | Sewer    | Entered a sewer
  2813 | D:3      | You fall into a shaft and drop 2 floors!
  2813 | D:5      | Entered Level 5 of the Dungeon
  2836 | D:5      | Reached XP level 6. HP: 45/45 MP: 11/11
  3361 | D:3      | Found a basalt altar of Yredelemnul.
  3450 | D:3      | Found a glowing golden altar of the Shining One.
  3526 | D:3      | Found Rysig's Weapon Boutique.
  3724 | D:4      | Noticed Edmund
  3733 | D:4      | Killed Edmund
  3734 | D:4      | Reached skill level 1 in Conjurations
  4111 | D:4      | Reached skill level 5 in Earth Magic
  4123 | D:4      | Noticed Eustachio
  4143 | D:4      | Killed Eustachio
  4144 | D:4      | Your scales start taking on a golden yellow colour.
  4144 | D:4      | Reached XP level 7. HP: 50/50 MP: 1/13
  4144 | D:4      | Gained mutation: You are resistant to acid. (rCorr) [Yellow
                  | Draconian growth]
  4323 | D:5      | Found a transporter.
  4445 | D:4      | Noticed Grinder
  4452 | D:4      | Killed Grinder
  4693 | D:4      | Found a staircase to the Ecumenical Temple.
  4697 | Temple   | Entered the Ecumenical Temple
  4951 | D:5      | Reached skill level 5 in Spellcasting
  4985 | D:5      | Found a transporter.
  5084 | D:5      | Reached skill level 6 in Earth Magic
  5085 | D:5      | Reached XP level 8. HP: 57/57 MP: 11/15
  5331 | D:5      | Reached skill level 1 in Fighting
  5927 | D:5      | Found a snail-covered altar of Cheibriados.
  6291 | D:6      | Noticed Menkaure
  6299 | D:6      | Reached skill level 5 in Conjurations
  6303 | D:6      | Slain by Menkaure

Illustrated notes

Levels and vault maps discovered:
D:1:      dpeg_arrival_tiny_k, layout_basic,
          shapermc_ecumenical_altar_hornbeckon
D:2:      layout_basic
D:3:      layout_loops_ring, mainiacjoe_overflow_catwalk,
          mainiacjoe_overflow_alcove_2, serial_shops,
          nicolae_shop_bloodbath_and_beyond
D:4:      layout_basic, temple_hall_moat, portal_sewer_entry_f,
          minmay_misc_feat_columns, uniq_edmund, uniq_grinder, uniq_eustachio
D:5:      gammafunk_wand_slinger, layout_gridville, slow_altar_1, minivault_11,
          minmay_increasing_density
D:6:      layout_rooms, mainiacjoe_overflow_surrounded_room,
          nicolae_concentric_dashed_squares_wild, uniq_menkaure, uniq_maggie
D:7:      layout_gridville, uniq_duvessa, uniq_joseph
Temple:   eino_temple_water

Skill      XL: |  1  2  3  4  5  6  7  8 |
---------------+-------------------------+-----
Transmutations | 2 3 |  3.6
Spellcasting   | 3 4 5 |  5.2
Earth Magic    | 4 5 6 |  6.0
Conjurations   | 2 3 5 |  5.0
Stealth        | 3 |  3.8
Dodging        | 3 |  3.5
Fighting       | 3 |  3.5

Action                   |  1- 3 |  4- 6 |  7- 9 || total
-------------------------+-------+-------+-------++-------
Melee: Dagger            |    54 |     2 |       ||    56
       Tailslap          |     6 |    11 |     6 ||    23
       Whip              |       |    78 |    71 ||   149
       Punch             |       |     1 |     1 ||     2
 Cast: Sandblast         |    23 |    19 |    17 ||    59
       Stone Arrow       |       |     5 |     8 ||    13
  Use: Scroll            |       |    17 |     2 ||    19
 Stab: Sleeping          |     1 |     5 |       ||     6
       Distracted        |       |     1 |     1 ||     2
Armor: Skin              |    22 |    24 |    42 ||    88
Dodge: Dodged            |    28 |    85 |    85 ||   198

Table legend: (Time is in decaauts)
 A = Elapsed time spent in this place.
 B = Non-inter-level travel time spent in this place.
 C = Inter-level travel time spent in this place.
 D = Time resting spent in this place.
 E = Time spent auto-exploring this place.
 F = Levels seen in this place.
 G = Mean time per level.
                   A        B        C        D        E       F      G
               +--------+--------+--------+--------+--------+-----+--------+
         Total |   6373 |   6161 |    212 |    354 |   4517 |   9 |  708.1 |
       Dungeon |   6147 |   5950 |    197 |    354 |   4387 |   7 |  878.1 |
        Temple |    154 |    139 |     15 |      0 |    127 |   1 |  154.0 |
         Sewer |     70 |     70 |      0 |      0 |      3 |   1 |   70.0 |
               +--------+--------+--------+--------+--------+-----+--------+

Top non-repeatable levels by time:
     D:4: 1444 daAuts
     D:2: 1356 daAuts
     D:5: 1252 daAuts
     D:1: 974 daAuts
     D:3: 884 daAuts
     D:6: 232 daAuts
  Temple: 154 daAuts
   Sewer: 70 daAuts
     D:7: 1 daAuts
